 Dungeon Crawl Stone Soup version 0.22.1-2-g9c5b331 (webtiles) character file.

23 EliteSlayer the Skirmisher (level 2, 0/25 HPs)
             Began as a Demonspawn Abyssal Knight on Dec 10, 2018.
             Was a Follower of Lugonu.
             Slain by Sigmund
             ... wielding a +0 scythe
              (10 damage)
             ... on level 2 of the Dungeon.
             The game lasted 00:09:12 (1379 turns).

EliteSlayer the Skirmisher (DsAK)                   Turns: 1379, Time: 00:09:13

Health: 0/25       AC: 12    Str: 12    XL:     2   Next: 72%
Magic:  3/3        EV:  3    Int: 13    God:    Lugonu [*.....]
Gold:   85         SH:  0    Dex: 12    Spells: 1/1 levels left

rFire    . . .     SeeInvis .   a - +1 falchion
rCold    . . .     Gourm    .   (no shield)
rNeg     . . .     Faith    .   f - +0 plate armour
rPois    .         Spirit   .   (no helmet)
rElec    .         Reflect  .   (no cloak)
rCorr    .         Harm     .   (no gloves)
MR       .....                  (no boots)
Stlth    ..........             (no amulet)
HPRegen  0.08/turn              (no ring)
MPRegen  0.08/turn              (no ring)

@: no status effects
A: yellow scales 1
a: Depart the Abyss, Renounce Religion


You were on level 2 of the Dungeon.
You worshipped Lugonu.
Lugonu was aware of your devotion.
You were hungry.

You visited 1 branch of the dungeon, and saw 2 of its levels.
You visited the Abyss 1 time.

You collected 85 gold pieces.

Inventory:

Hand Weapons
 a - a +1 falchion (weapon)
 i - a +0 hand axe
Armour
 b - a +0 leather armour
 f - a +0 plate armour (worn)
Wands
 d - a wand of clouds (7)
Scrolls
 h - a scroll of identify {unknown}
 j - a scroll of enchant weapon {unknown}
Potions
 e - 3 potions of flight {unknown}
 g - a potion of berserk rage {unknown}
 k - a potion of might {unknown}
 l - a potion of magic {unknown}
 m - a potion of resistance {unknown}
Comestibles
 c - 2 rations


   Skills:
 * Level 3.7 Fighting
 - Level 1.7 Long Blades
 * Level 2.1 Armour
 - Level 0.8 Dodging
 + Level 2.6 Invocations


You had one spell level left.
You didn't know any spells.
Your spell library was empty.

Dungeon Overview and Level Annotations

Branches:
Dungeon (2/15)

Altars:

Annotations:
D:2 Sigmund


Innate Abilities, Weirdness & Mutations

You are partially covered in yellow scales. (AC +2)


Message History

The puff of flame hits you!
You miss something.
The jackal bites you but does no damage.
Something hits you but does no damage.
The jackal bites you but does no damage.
You miss something.
The jackal bites you but does no damage.
Something hits you but does no damage.
The jackal bites you but does no damage.
Your plate armour prevents you from hitting something.
The jackal bites you but does no damage.
Something hits you but does no damage.
You miss something.
The jackal bites you but does no damage. x2
You miss something. Something hits you but does no damage.
The jackal bites you.
You miss something.
You are feeling hungry.
The jackal bites you. Something hits you!
You die...

..... ####...## #........
##.......## ..........##
...........# #.......{..#
#... #.?...h@..##....
#.....^...#..#
#######......."...#
###...............###
##......##.........#
#..................#
.......###.........##.#
#.....###..).........#
#................##########


You could see a jackal.

Vanquished Creatures
  A worm (D:2)
  A dart slug (D:1)
  2 leopard geckos (D:2)
  A giant cockroach (D:1)
  2 goblins
  A hobgoblin (D:2)
  A jackal (D:2)
  A bat (D:2)
  2 frilled lizards
  5 rats
17 creatures vanquished.

Notes
Turn   | Place    | Note
-------+----------+-------------------------------------------
     0 | Abyss:1  | EliteSlayer the Demonspawn Abyssal Knight began the quest
                  | for the Orb.
     0 | Abyss:1  | Reached XP level 1. HP: 18/18 MP: 2/2
    80 | Abyss:2  | Noticed a daeva
    82 | D:1      | Escaped the Abyss
   813 | D:1      | Reached * piety under Lugonu
   837 | D:1      | Gained mutation: You are partially covered in yellow
                  | scales. (AC +2) [demonic ancestry]
   837 | D:1      | Reached XP level 2. HP: 24/24 MP: 3/3
  1361 | D:2      | Noticed Sigmund
  1379 | D:2      | Slain by Sigmund

Skill      XL: |  1  2 |
---------------+-------+-----
Armour         | 2 |  2.1
Fighting       | |  3.7
Long Blades    | |  1.7
Dodging        | |  0.8
Invocations    | |  2.6

Action                   || total
-------------------------++-------
Melee: Falchion          ||    68
Invok: Depart the Abyss  ||     1
  Use: Scroll            ||     1
  Eat: Chunk             ||     1
Armor: Plate armour      ||    76
Dodge: Dodged            ||    16
       Rpst.: Falchion   ||     3
